[ AOE2 MATCH · #472814507 ]
UnrankedEthiopians vs Vietnamese
[ REPLAY ANALYSIS · EXTRACTED FROM THE RECORDED GAME ]
Feudal
10:11
Castle
20:43
Imperial
31:24
| APM avg | 95.1 |
| APM peak | 162 |
| eAPM avg | 49.7 |
| Villagers / military | 135 / 123 |
Focus
⚔️ 54.6% · 🌾 45.4%
Archer ×119 · Fishing Ship ×16 · Unknown (2626) ×7 · Trebuchet (Packed) ×2 · Spearman ×1 · Fire Galley ×1
Feudal
10:08
Castle
24:47
Imperial
36:07
| APM avg | 58.0 |
| APM peak | 93 |
| eAPM avg | 27.1 |
| Villagers / military | 98 / 155 |
Focus
⚔️ 42.5% · 🌾 57.5%
Rattan Archer ×96 · Archer ×54 · Fishing Ship ×41 · Unknown (2626) ×9 · Militia ×5
Feudal
9:46
Castle
20:43
Imperial
30:32
| APM avg | 51.8 |
| APM peak | 88 |
| eAPM avg | 20.6 |
| Villagers / military | 92 / 129 |
Focus
⚔️ 34.6% · 🌾 65.4%
Archer ×109 · Fishing Ship ×16 · Longbowman ×14 · Trebuchet (Packed) ×5 · Skirmisher ×1
Feudal
9:40
Castle
20:28
Imperial
35:40
| APM avg | 102.0 |
| APM peak | 184 |
| eAPM avg | 63.6 |
| Villagers / military | 145 / 179 |
Focus
⚔️ 75.3% · 🌾 24.7%
Camel Scout ×160 · Fishing Ship ×18 · Scout Cavalry ×17 · Trebuchet (Packed) ×2
Feudal
10:19
Castle
19:40
Imperial
30:36
| APM avg | 55.8 |
| APM peak | 101 |
| eAPM avg | 29.1 |
| Villagers / military | 131 / 118 |
Focus
⚔️ 38.3% · 🌾 61.7%
Archer ×95 · Fishing Ship ×18 · Trebuchet (Packed) ×10 · Skirmisher ×9 · Militia ×2 · Bombard Cannon ×2
Feudal
10:15
Castle
23:48
Imperial
42:09
| APM avg | 75.2 |
| APM peak | 114 |
| eAPM avg | 35.8 |
| Villagers / military | 141 / 207 |
Focus
⚔️ 61.5% · 🌾 38.5%
Steppe Lancer ×176 · Scout Cavalry ×31 · Fishing Ship ×21
Match map
Initial resources + every placement click. Lines = walls · curves = elevation contours. ◆ gold · ⬟ stone · ● berries · ✦ relic · ◌ wall gap
Your base· Open — 6t gap
RoR | Benanji's base· ✓ Closed at 24:47 · 42t walls · no gate
RoR | Vodka_L_'s base· ✓ Closed at 20:43 · 54t walls · 1 gate(s)
RoR | Kamigawa's base· ✓ Closed at 20:28 · 11t walls · 1 gate(s)
ELEOS | Danielsiii's base· Open — unwalled flank
ELEOS | Xarkey's base· Open — unwalled flank
Smoothed initial terrain · ◌ = detected wall gap · hover for details
Inputs per minute
— ELEOS | ElNoniro - - RoR | Benanji
Build order — ELEOS | ElNoniro
First 150 of 473 actions detected
| 0:00 | Queue | Villager (Male) |
| 0:00 | Queue | Villager (Male) |
| 0:00 | Queue | Villager (Male) |
| 0:01 | Build | House |
| 0:02 | Build | House |
| 0:04 | Queue | Villager (Male) |
| 0:04 | Queue | Villager (Male) |
| 1:11 | Queue | Villager (Male) |
| 1:38 | Queue | Villager (Male) |
| 1:57 | Build | Lumber Camp |
| 1:59 | Queue | Villager (Male) |
| 2:26 | Queue | Villager (Male) |
| 3:02 | Queue | Villager (Male) |
| 3:40 | Queue | Villager (Male) |
| 3:40 | Queue | Villager (Male) |
| 3:53 | Build | House |
| 3:56 | Research | Loom |
| 4:19 | Build | Dock |
| 4:21 | Build | Palisade Wall |
| 4:27 | Build | Palisade Wall |
| 4:29 | Build | Palisade Wall |
| 4:30 | Build | Palisade Wall |
| 4:33 | Queue | Villager (Male) |
| 4:40 | Queue | Villager (Male) |
| 4:42 | Queue | Villager (Male) |
| 4:42 | Queue | Villager (Male) |
| 5:24 | Queue | Fishing Ship |
| 5:30 | Build | Palisade Wall |
| 5:31 | Build | Palisade Wall |
| 5:38 | Queue | Villager (Male) |
| 5:46 | Build | House |
| 6:06 | Queue | Fishing Ship |
| 6:06 | Queue | Villager (Male) |
| 6:07 | Queue | Villager (Male) |
| 6:31 | Queue | Fishing Ship |
| 6:56 | Build | House |
| 6:58 | Queue | Villager (Male) |
| 7:15 | Queue | Fishing Ship |
| 7:28 | Queue | Villager (Male) |
| 8:01 | Research | Feudal Age |
| 8:01 | Research | Feudal Age |
| 8:01 | Research | Feudal Age |
| 8:01 | Research | Feudal Age |
| 8:01 | Research | Feudal Age |
| 8:01 | Research | Feudal Age |
| 8:01 | Research | Feudal Age |
| 8:12 | Build | Lumber Camp |
| 8:35 | Queue | Fishing Ship |
| 8:35 | Queue | Fishing Ship |
| 9:03 | Queue | Fishing Ship |
| 9:14 | Build | Barracks |
| 9:28 | Queue | Villager (Male) |
| 9:39 | Build | Dock |
| 9:43 | Queue | Villager (Male) |
| 9:49 | Build | Palisade Wall |
| 9:50 | Build | Palisade Wall |
| 9:58 | Queue | Villager (Male) |
| 10:05 | Build | House |
| 10:11 | Age | Feudal Age |
| 10:15 | Queue | Unit 2626 |
| 10:33 | Queue | Unit 2626 |
| 10:33 | Queue | Unit 2626 |
| 10:33 | Queue | Unit 2626 |
| 10:39 | Research | Double-Bit Axe |
| 10:39 | Research | Double-Bit Axe |
| 10:39 | Research | Double-Bit Axe |
| 10:55 | Queue | Villager (Male) |
| 11:12 | Queue | Villager (Male) |
| 11:34 | Queue | Villager (Male) |
| 11:38 | Queue | Unit 2626 |
| 11:38 | Queue | Unit 2626 |
| 11:38 | Queue | Villager (Male) |
| 11:41 | Build | House |
| 11:44 | Build | Mill |
| 11:48 | Build | Archery Range |
| 11:51 | Build | Archery Range |
| 11:58 | Build | House |
| 12:00 | Build | Mining Camp |
| 12:01 | Queue | Villager (Male) |
| 12:18 | Queue | Villager (Male) |
| 12:35 | Build | Palisade Wall |
| 12:35 | Build | Palisade Wall |
| 12:45 | Build | Palisade Wall |
| 12:46 | Queue | Villager (Male) |
| 12:51 | Queue | Villager (Male) |
| 12:59 | Build | Palisade Wall |
| 13:00 | Build | Palisade Wall |
| 13:05 | Build | Archery Range |
| 13:27 | Queue | Villager (Male) |
| 13:31 | Queue | Spearman |
| 13:37 | Build | House |
| 13:44 | Queue | Villager (Male) |
| 13:44 | Queue | Villager (Male) |
| 13:50 | Queue | Archer |
| 13:50 | Queue | Archer |
| 13:53 | Queue | Archer |
| 13:54 | Build | Blacksmith |
| 13:58 | Queue | Fishing Ship |
| 13:59 | Queue | Fishing Ship |
| 13:59 | Queue | Fishing Ship |
| 14:07 | Queue | Villager (Male) |
| 14:08 | Queue | Archer |
| 14:08 | Queue | Archer |
| 14:21 | Build | House |
| 14:23 | Build | House |
| 14:24 | Build | House |
| 14:26 | Build | House |
| 14:27 | Queue | Villager (Male) |
| 14:29 | Queue | Villager (Male) |
| 14:34 | Build | House |
| 14:37 | Queue | Archer |
| 14:37 | Queue | Archer |
| 14:50 | Queue | Villager (Male) |
| 14:51 | Queue | Villager (Male) |
| 14:58 | Queue | Archer |
| 15:15 | Build | Stone Wall |
| 15:17 | Queue | Villager (Male) |
| 15:19 | Build | Stone Wall |
| 15:21 | Build | Gate |
| 15:21 | Queue | Villager (Male) |
| 15:29 | Queue | Fishing Ship |
| 15:29 | Queue | Fishing Ship |
| 15:30 | Queue | Villager (Male) |
| 15:33 | Build | Farm |
| 15:42 | Queue | Villager (Male) |
| 15:57 | Queue | Unit 2626 |
| 15:58 | Queue | Villager (Male) |
| 15:58 | Queue | Villager (Male) |
| 16:03 | Queue | Fishing Ship |
| 16:03 | Queue | Fishing Ship |
| 16:19 | Queue | Fire Galley |
| 16:46 | Queue | Fishing Ship |
| 16:46 | Queue | Fishing Ship |
| 16:51 | Build | Farm |
| 16:52 | Build | Farm |
| 17:31 | Queue | Archer |
| 17:31 | Queue | Archer |
| 17:36 | Build | Archery Range |
| 17:41 | Build | Archery Range |
| 17:56 | Build | Stone Wall |
| 17:58 | Build | Stone Wall |
| 18:03 | Research | Castle Age |
| 18:03 | Research | Castle Age |
| 18:03 | Research | Castle Age |
| 18:03 | Research | Castle Age |
| 18:03 | Research | Castle Age |
| 18:04 | Queue | Archer |
| 18:04 | Queue | Archer |
| 18:07 | Build | Farm |
| 18:24 | Research | Padded Archer Armor |
Build order — RoR | Benanji
First 150 of 426 actions detected
| 0:00 | Queue | Villager (Male) |
| 0:01 | Build | House |
| 0:02 | Build | House |
| 0:02 | Queue | Villager (Male) |
| 0:03 | Queue | Villager (Male) |
| 0:03 | Queue | Villager (Male) |
| 1:23 | Queue | Villager (Male) |
| 2:01 | Queue | Villager (Male) |
| 2:25 | Build | Lumber Camp |
| 2:26 | Queue | Villager (Male) |
| 2:54 | Queue | Villager (Male) |
| 3:02 | Build | House |
| 3:30 | Queue | Villager (Male) |
| 4:19 | Queue | Villager (Male) |
| 4:22 | Build | Dock |
| 4:24 | Build | Palisade Wall |
| 4:25 | Build | Palisade Wall |
| 4:40 | Queue | Villager (Male) |
| 5:06 | Queue | Villager (Male) |
| 5:10 | Queue | Fishing Ship |
| 5:17 | Build | House |
| 5:29 | Queue | Villager (Male) |
| 5:50 | Queue | Villager (Male) |
| 5:58 | Queue | Fishing Ship |
| 6:11 | Queue | Villager (Male) |
| 6:37 | Queue | Fishing Ship |
| 6:53 | Queue | Villager (Male) |
| 7:18 | Build | House |
| 7:20 | Research | Loom |
| 7:58 | Research | Feudal Age |
| 8:15 | Build | Mining Camp |
| 8:47 | Build | Barracks |
| 8:54 | Queue | Villager (Male) |
| 9:53 | Queue | Fishing Ship |
| 10:08 | Age | Feudal Age |
| 10:09 | Build | Stone Wall |
| 10:13 | Build | Stone Wall |
| 10:16 | Build | Dock |
| 10:17 | Build | Palisade Wall |
| 10:20 | Queue | Villager (Male) |
| 10:24 | Research | Double-Bit Axe |
| 10:39 | Build | Archery Range |
| 10:50 | Queue | Villager (Male) |
| 10:58 | Build | Stone Wall |
| 11:09 | Queue | Unit 2626 |
| 11:14 | Queue | Villager (Male) |
| 11:20 | Build | Palisade Wall |
| 11:20 | Build | Palisade Wall |
| 11:23 | Build | Palisade Wall |
| 11:25 | Build | Palisade Wall |
| 11:27 | Build | Palisade Wall |
| 11:28 | Build | Palisade Wall |
| 11:34 | Queue | Villager (Male) |
| 11:40 | Queue | Archer |
| 11:42 | Queue | Archer |
| 11:48 | Queue | Unit 2626 |
| 11:52 | Build | House |
| 12:00 | Research | Tech 906 |
| 12:02 | Research | Gold Mining |
| 12:03 | Queue | Villager (Male) |
| 12:12 | Queue | Unit 2626 |
| 12:17 | Queue | Archer |
| 12:51 | Build | Archery Range |
| 12:56 | Queue | Villager (Male) |
| 13:07 | Queue | Unit 2626 |
| 13:26 | Queue | Unit 2626 |
| 13:27 | Queue | Villager (Male) |
| 13:40 | Build | House |
| 13:46 | Queue | Archer |
| 13:48 | Build | House |
| 13:51 | Build | House |
| 13:52 | Queue | Villager (Male) |
| 14:02 | Queue | Unit 2626 |
| 14:28 | Queue | Unit 2626 |
| 14:29 | Queue | Villager (Male) |
| 14:29 | Queue | Villager (Male) |
| 14:30 | Queue | Archer |
| 14:38 | Build | Blacksmith |
| 14:48 | Queue | Villager (Male) |
| 14:53 | Queue | Unit 2626 |
| 14:56 | Queue | Villager (Male) |
| 14:58 | Build | Mill |
| 15:03 | Build | Lumber Camp |
| 15:06 | Queue | Archer |
| 15:14 | Build | House |
| 15:16 | Queue | Villager (Male) |
| 15:27 | Research | Fletching |
| 15:42 | Queue | Unit 2626 |
| 15:51 | Queue | Archer |
| 15:51 | Queue | Archer |
| 15:56 | Queue | Villager (Male) |
| 16:10 | Queue | Villager (Male) |
| 16:23 | Queue | Archer |
| 16:31 | Queue | Villager (Male) |
| 16:40 | Build | Archery Range |
| 16:58 | Build | Dock |
| 17:11 | Queue | Villager (Male) |
| 17:20 | Research | Padded Archer Armor |
| 17:21 | Queue | Archer |
| 17:34 | Build | House |
| 17:35 | Queue | Archer |
| 17:36 | Queue | Archer |
| 17:41 | Queue | Fishing Ship |
| 17:42 | Queue | Fishing Ship |
| 17:44 | Queue | Fishing Ship |
| 17:51 | Queue | Villager (Male) |
| 17:54 | Queue | Archer |
| 17:54 | Queue | Archer |
| 17:55 | Queue | Archer |
| 18:08 | Queue | Villager (Male) |
| 18:13 | Build | House |
| 18:21 | Queue | Archer |
| 18:21 | Queue | Archer |
| 18:45 | Queue | Villager (Male) |
| 18:47 | Queue | Archer |
| 18:47 | Queue | Villager (Male) |
| 18:55 | Queue | Archer |
| 19:13 | Queue | Fishing Ship |
| 19:14 | Queue | Fishing Ship |
| 19:14 | Queue | Fishing Ship |
| 19:15 | Queue | Fishing Ship |
| 19:15 | Queue | Fishing Ship |
| 19:15 | Queue | Fishing Ship |
| 19:27 | Queue | Archer |
| 19:27 | Queue | Archer |
| 19:28 | Queue | Villager (Male) |
| 19:43 | Build | House |
| 19:48 | Build | House |
| 19:48 | Build | House |
| 19:51 | Build | Lumber Camp |
| 20:20 | Queue | Archer |
| 20:21 | Queue | Archer |
| 20:21 | Queue | Archer |
| 20:21 | Queue | Villager (Male) |
| 20:22 | Queue | Villager (Male) |
| 20:28 | Queue | Fishing Ship |
| 20:28 | Queue | Fishing Ship |
| 20:35 | Build | Market |
| 20:53 | Build | Lumber Camp |
| 21:06 | Build | House |
| 21:07 | Build | House |
| 21:08 | Build | House |
| 21:08 | Build | House |
| 21:12 | Queue | Villager (Male) |
| 21:19 | Queue | Archer |
| 21:19 | Queue | Archer |
| 21:22 | Queue | Villager (Male) |
| 21:30 | Build | Dock |
| 21:45 | Build | Dock |
| 22:01 | Build | Mining Camp |
Build order — RoR | Vodka_L_
First 150 of 337 actions detected
| 0:00 | Queue | Villager (Male) |
| 0:02 | Build | House |
| 0:03 | Build | House |
| 0:11 | Queue | Villager (Male) |
| 0:39 | Queue | Villager (Male) |
| 0:39 | Queue | Villager (Male) |
| 1:25 | Queue | Villager (Male) |
| 1:28 | Build | Lumber Camp |
| 1:54 | Queue | Villager (Male) |
| 2:24 | Queue | Villager (Male) |
| 2:41 | Queue | Villager (Male) |
| 3:01 | Queue | Villager (Male) |
| 3:05 | Research | Loom |
| 3:22 | Queue | Villager (Male) |
| 3:37 | Build | House |
| 3:42 | Queue | Villager (Male) |
| 4:37 | Queue | Villager (Male) |
| 4:37 | Queue | Villager (Male) |
| 5:18 | Build | Dock |
| 5:26 | Queue | Villager (Male) |
| 5:27 | Queue | Villager (Male) |
| 5:49 | Queue | Villager (Male) |
| 5:56 | Queue | Fishing Ship |
| 5:58 | Build | House |
| 6:29 | Queue | Fishing Ship |
| 6:40 | Queue | Villager (Male) |
| 6:42 | Queue | Fishing Ship |
| 7:00 | Queue | Villager (Male) |
| 7:36 | Research | Feudal Age |
| 7:47 | Queue | Fishing Ship |
| 8:20 | Build | Mining Camp |
| 8:29 | Queue | Fishing Ship |
| 9:03 | Build | House |
| 9:38 | Queue | Villager (Male) |
| 9:46 | Age | Feudal Age |
| 9:51 | Build | Stone Wall |
| 9:53 | Build | Stone Wall |
| 9:56 | Research | Double-Bit Axe |
| 10:00 | Build | Stone Wall |
| 10:06 | Queue | Villager (Male) |
| 10:08 | Build | Mining Camp |
| 10:15 | Queue | Fishing Ship |
| 10:26 | Queue | Villager (Male) |
| 10:56 | Queue | Villager (Male) |
| 11:11 | Queue | Villager (Male) |
| 11:13 | Build | Lumber Camp |
| 11:16 | Queue | Fishing Ship |
| 11:25 | Build | House |
| 11:31 | Research | Tech 906 |
| 11:35 | Build | Stone Wall |
| 11:47 | Build | Stone Wall |
| 11:52 | Build | House |
| 11:54 | Queue | Villager (Male) |
| 11:58 | Build | Barracks |
| 12:09 | Queue | Fishing Ship |
| 12:19 | Build | Stone Wall |
| 12:30 | Queue | Villager (Male) |
| 12:47 | Queue | Villager (Male) |
| 12:54 | Queue | Fishing Ship |
| 13:02 | Build | Archery Range |
| 13:08 | Queue | Villager (Male) |
| 13:28 | Build | House |
| 13:32 | Queue | Villager (Male) |
| 13:44 | Build | Archery Range |
| 13:59 | Queue | Archer |
| 13:59 | Queue | Archer |
| 14:04 | Build | House |
| 14:06 | Queue | Villager (Male) |
| 14:09 | Queue | Fishing Ship |
| 14:19 | Build | Mill |
| 14:20 | Queue | Villager (Male) |
| 14:22 | Build | Stone Wall |
| 14:32 | Queue | Archer |
| 14:32 | Queue | Archer |
| 14:33 | Queue | Archer |
| 14:43 | Queue | Villager (Male) |
| 14:50 | Queue | Fishing Ship |
| 14:58 | Build | House |
| 15:07 | Queue | Archer |
| 15:07 | Queue | Archer |
| 15:17 | Build | Blacksmith |
| 15:20 | Queue | Villager (Male) |
| 15:36 | Build | Stone Wall |
| 15:41 | Queue | Archer |
| 15:41 | Queue | Archer |
| 15:44 | Queue | Fishing Ship |
| 15:51 | Queue | Villager (Male) |
| 16:03 | Queue | Archer |
| 16:03 | Queue | Archer |
| 16:11 | Queue | Villager (Male) |
| 16:23 | Build | House |
| 16:27 | Build | House |
| 16:42 | Queue | Archer |
| 16:43 | Queue | Archer |
| 16:49 | Build | Fish Trap |
| 16:56 | Build | House |
| 16:56 | Build | House |
| 17:00 | Build | Gate |
| 17:02 | Queue | Archer |
| 17:02 | Queue | Archer |
| 17:07 | Build | Fish Trap |
| 17:09 | Build | House |
| 17:18 | Queue | Archer |
| 17:18 | Queue | Archer |
| 17:26 | Queue | Villager (Male) |
| 17:32 | Build | House |
| 17:32 | Build | House |
| 17:41 | Build | Dock |
| 18:01 | Build | Fish Trap |
| 18:03 | Research | Castle Age |
| 18:08 | Queue | Archer |
| 18:09 | Queue | Archer |
| 18:28 | Research | Gold Mining |
| 18:39 | Build | Fish Trap |
| 18:42 | Research | Fletching |
| 18:54 | Queue | Archer |
| 18:54 | Queue | Archer |
| 18:56 | Build | House |
| 18:57 | Build | House |
| 19:08 | Build | Fish Trap |
| 19:19 | Queue | Archer |
| 19:19 | Queue | Archer |
| 19:23 | Build | Stone Wall |
| 19:39 | Queue | Fishing Ship |
| 19:40 | Queue | Fishing Ship |
| 20:03 | Queue | Archer |
| 20:03 | Queue | Archer |
| 20:10 | Build | Fish Trap |
| 20:25 | Research | Town Watch |
| 20:40 | Queue | Villager (Male) |
| 20:43 | Age | Castle Age |
| 20:45 | Research | Crossbowman (upgrade) |
| 20:46 | Research | Bodkin Arrow |
| 20:48 | Build | University |
| 20:51 | Research | Bow Saw |
| 21:11 | Queue | Archer |
| 21:11 | Queue | Archer |
| 21:16 | Research | Gillnets |
| 21:37 | Queue | Villager (Male) |
| 21:46 | Build | Town Center |
| 21:59 | Research | Padded Archer Armor |
| 22:06 | Queue | Villager (Male) |
| 22:15 | Research | Ballistics |
| 22:17 | Queue | Archer |
| 22:25 | Queue | Villager (Male) |
| 22:36 | Build | Lumber Camp |
| 22:41 | Queue | Villager (Male) |
| 22:44 | Queue | Archer |
| 22:44 | Queue | Archer |
| 22:54 | Queue | Archer |
Build order — RoR | Kamigawa
First 150 of 521 actions detected
| 0:00 | Queue | Villager (Male) |
| 0:00 | Queue | Villager (Male) |
| 0:01 | Build | House |
| 0:03 | Build | House |
| 0:11 | Queue | Villager (Male) |
| 0:11 | Queue | Villager (Male) |
| 1:11 | Queue | Villager (Male) |
| 1:27 | Queue | Villager (Male) |
| 1:27 | Queue | Villager (Male) |
| 2:00 | Queue | Villager (Male) |
| 2:05 | Build | Lumber Camp |
| 2:14 | Queue | Villager (Male) |
| 2:42 | Queue | Villager (Male) |
| 3:03 | Queue | Villager (Male) |
| 3:33 | Queue | Villager (Male) |
| 4:05 | Build | House |
| 4:28 | Queue | Villager (Male) |
| 4:28 | Queue | Villager (Male) |
| 4:28 | Queue | Villager (Male) |
| 4:38 | Build | Dock |
| 4:39 | Build | Palisade Wall |
| 4:41 | Build | Palisade Wall |
| 5:07 | Build | House |
| 5:13 | Queue | Villager (Male) |
| 5:13 | Queue | Villager (Male) |
| 5:13 | Queue | Villager (Male) |
| 5:43 | Queue | Fishing Ship |
| 6:15 | Queue | Fishing Ship |
| 6:15 | Queue | Fishing Ship |
| 6:17 | Queue | Villager (Male) |
| 6:34 | Research | Loom |
| 7:02 | Queue | Fishing Ship |
| 7:24 | Research | Feudal Age |
| 7:24 | Research | Feudal Age |
| 7:51 | Queue | Fishing Ship |
| 8:06 | Build | Lumber Camp |
| 8:20 | Queue | Villager (Male) |
| 8:27 | Build | House |
| 8:55 | Build | Barracks |
| 9:40 | Age | Feudal Age |
| 9:41 | Queue | Fishing Ship |
| 9:45 | Queue | Villager (Male) |
| 9:48 | Build | Stable |
| 9:53 | Research | Double-Bit Axe |
| 10:03 | Build | House |
| 10:05 | Queue | Villager (Male) |
| 10:19 | Build | Mill |
| 10:30 | Queue | Scout Cavalry |
| 10:30 | Queue | Scout Cavalry |
| 10:33 | Build | House |
| 10:39 | Build | Stone Wall |
| 10:53 | Queue | Villager (Male) |
| 10:57 | Build | House |
| 11:02 | Queue | Scout Cavalry |
| 11:04 | Queue | Fishing Ship |
| 11:17 | Queue | Scout Cavalry |
| 11:21 | Queue | Villager (Male) |
| 11:22 | Build | Farm |
| 11:23 | Build | Farm |
| 11:29 | Build | Dock |
| 11:45 | Build | Gate |
| 11:46 | Build | House |
| 11:46 | Build | House |
| 11:51 | Queue | Villager (Male) |
| 11:53 | Queue | Fishing Ship |
| 12:10 | Queue | Scout Cavalry |
| 12:18 | Queue | Fishing Ship |
| 12:18 | Queue | Fishing Ship |
| 12:40 | Queue | Villager (Male) |
| 12:45 | Queue | Scout Cavalry |
| 12:48 | Queue | Fishing Ship |
| 12:48 | Queue | Fishing Ship |
| 12:59 | Queue | Villager (Male) |
| 13:07 | Build | Blacksmith |
| 13:18 | Build | House |
| 13:27 | Queue | Villager (Male) |
| 13:29 | Build | Mining Camp |
| 13:41 | Queue | Scout Cavalry |
| 13:43 | Queue | Villager (Male) |
| 13:56 | Build | Blacksmith |
| 14:04 | Queue | Scout Cavalry |
| 14:19 | Queue | Villager (Male) |
| 14:23 | Queue | Fishing Ship |
| 14:23 | Queue | Fishing Ship |
| 14:26 | Queue | Scout Cavalry |
| 14:38 | Research | Scale Barding Armor |
| 14:43 | Research | Forging |
| 14:43 | Research | Forging |
| 14:45 | Queue | Villager (Male) |
| 14:49 | Queue | Fishing Ship |
| 14:50 | Queue | Fishing Ship |
| 14:56 | Build | Farm |
| 15:03 | Build | Farm |
| 15:03 | Queue | Villager (Male) |
| 15:07 | Build | House |
| 15:21 | Research | Bloodlines |
| 15:28 | Build | Farm |
| 15:28 | Build | Farm |
| 15:40 | Queue | Villager (Male) |
| 16:01 | Build | Farm |
| 16:02 | Build | Farm |
| 16:03 | Queue | Villager (Male) |
| 16:12 | Queue | Scout Cavalry |
| 16:16 | Queue | Fishing Ship |
| 16:16 | Queue | Fishing Ship |
| 16:19 | Queue | Villager (Male) |
| 16:21 | Build | Farm |
| 16:26 | Queue | Scout Cavalry |
| 16:43 | Queue | Villager (Male) |
| 16:45 | Build | Farm |
| 17:07 | Build | Farm |
| 17:11 | Build | House |
| 17:15 | Queue | Villager (Male) |
| 17:34 | Queue | Villager (Male) |
| 17:48 | Research | Castle Age |
| 18:00 | Build | Stable |
| 18:07 | Research | Gold Mining |
| 18:38 | Queue | Villager (Male) |
| 18:41 | Build | Mining Camp |
| 18:45 | Queue | Scout Cavalry |
| 18:45 | Queue | Scout Cavalry |
| 18:49 | Build | Stable |
| 19:06 | Research | Horse Collar |
| 19:13 | Queue | Scout Cavalry |
| 19:19 | Build | House |
| 19:20 | Build | House |
| 19:35 | Queue | Scout Cavalry |
| 19:44 | Queue | Scout Cavalry |
| 20:12 | Queue | Scout Cavalry |
| 20:13 | Queue | Villager (Male) |
| 20:28 | Age | Castle Age |
| 20:31 | Research | Husbandry |
| 20:31 | Research | Husbandry |
| 20:32 | Research | Light Cavalry (upgrade) |
| 20:38 | Research | Chain Barding Armor |
| 20:42 | Queue | Villager (Male) |
| 20:47 | Build | Town Center |
| 20:55 | Queue | Camel Scout |
| 21:07 | Queue | Camel Scout |
| 21:17 | Queue | Camel Scout |
| 21:18 | Queue | Villager (Male) |
| 21:19 | Queue | Villager (Male) |
| 21:27 | Queue | Camel Scout |
| 21:36 | Build | Town Center |
| 21:38 | Research | Tech 906 |
| 21:42 | Build | Fish Trap |
| 21:46 | Build | Fish Trap |
| 21:50 | Queue | Camel Scout |
| 21:53 | Queue | Villager (Male) |
| 21:54 | Queue | Camel Scout |
Build order — ELEOS | Danielsiii
First 150 of 452 actions detected
| 0:00 | Queue | Villager (Male) |
| 0:00 | Queue | Villager (Male) |
| 0:01 | Queue | Villager (Male) |
| 0:01 | Queue | Villager (Male) |
| 0:02 | Build | House |
| 1:33 | Queue | Villager (Male) |
| 1:43 | Build | Lumber Camp |
| 2:02 | Queue | Villager (Male) |
| 2:22 | Queue | Villager (Male) |
| 2:35 | Build | House |
| 2:35 | Research | Loom |
| 2:39 | Queue | Villager (Male) |
| 2:47 | Queue | Villager (Male) |
| 3:29 | Build | House |
| 3:39 | Queue | Villager (Male) |
| 3:53 | Queue | Villager (Male) |
| 4:22 | Queue | Villager (Male) |
| 4:27 | Build | Dock |
| 4:51 | Queue | Villager (Male) |
| 5:15 | Queue | Villager (Male) |
| 5:26 | Queue | Fishing Ship |
| 5:30 | Build | Palisade Wall |
| 5:32 | Build | Palisade Wall |
| 5:34 | Build | Palisade Wall |
| 5:37 | Queue | Villager (Male) |
| 5:50 | Build | House |
| 5:51 | Queue | Villager (Male) |
| 5:53 | Queue | Villager (Male) |
| 6:02 | Queue | Villager (Male) |
| 6:28 | Queue | Villager (Male) |
| 6:45 | Queue | Fishing Ship |
| 7:34 | Queue | Fishing Ship |
| 7:42 | Build | House |
| 8:00 | Queue | Villager (Male) |
| 8:09 | Research | Feudal Age |
| 8:40 | Build | Palisade Wall |
| 8:41 | Build | Palisade Wall |
| 8:45 | Queue | Fishing Ship |
| 9:00 | Build | Palisade Wall |
| 9:02 | Build | Palisade Wall |
| 9:05 | Build | Palisade Wall |
| 9:10 | Build | Palisade Wall |
| 9:22 | Build | Palisade Wall |
| 9:27 | Queue | Villager (Male) |
| 9:31 | Build | House |
| 9:42 | Build | Lumber Camp |
| 9:45 | Build | Mining Camp |
| 10:19 | Age | Feudal Age |
| 10:22 | Build | Stone Wall |
| 10:23 | Build | Stone Wall |
| 10:25 | Build | Stone Wall |
| 10:25 | Build | Stone Wall |
| 10:26 | Build | Stone Wall |
| 10:29 | Build | Stone Wall |
| 10:31 | Queue | Villager (Male) |
| 10:39 | Queue | Villager (Male) |
| 10:41 | Build | Stone Wall |
| 10:43 | Build | Stone Wall |
| 10:49 | Build | Stone Wall |
| 10:55 | Queue | Villager (Male) |
| 10:58 | Queue | Fishing Ship |
| 10:58 | Queue | Fishing Ship |
| 10:59 | Queue | Fishing Ship |
| 11:17 | Queue | Villager (Male) |
| 11:25 | Build | Barracks |
| 11:42 | Build | Dock |
| 11:43 | Queue | Villager (Male) |
| 11:51 | Queue | Villager (Male) |
| 12:02 | Build | House |
| 12:02 | Build | House |
| 12:19 | Build | House |
| 12:32 | Research | Tech 906 |
| 12:42 | Build | Stone Wall |
| 12:59 | Build | Gate |
| 13:06 | Queue | Villager (Male) |
| 13:07 | Queue | Fishing Ship |
| 13:07 | Queue | Fishing Ship |
| 13:07 | Queue | Fishing Ship |
| 13:07 | Queue | Fishing Ship |
| 13:27 | Queue | Villager (Male) |
| 13:33 | Build | Mill |
| 13:54 | Build | House |
| 14:04 | Queue | Fishing Ship |
| 14:04 | Queue | Fishing Ship |
| 14:05 | Queue | Villager (Male) |
| 14:05 | Queue | Villager (Male) |
| 14:06 | Queue | Villager (Male) |
| 14:23 | Build | Stone Wall |
| 14:34 | Build | Archery Range |
| 14:36 | Queue | Villager (Male) |
| 14:48 | Queue | Villager (Male) |
| 14:59 | Queue | Fishing Ship |
| 14:59 | Queue | Fishing Ship |
| 15:00 | Queue | Villager (Male) |
| 15:16 | Queue | Fishing Ship |
| 15:17 | Queue | Villager (Male) |
| 15:19 | Build | House |
| 15:20 | Build | House |
| 15:21 | Build | House |
| 15:22 | Build | House |
| 15:38 | Build | Mining Camp |
| 15:52 | Research | Double-Bit Axe |
| 16:09 | Queue | Fishing Ship |
| 16:10 | Queue | Fishing Ship |
| 16:21 | Build | Blacksmith |
| 16:52 | Build | Mining Camp |
| 16:59 | Research | Castle Age |
| 17:00 | Research | Castle Age |
| 17:04 | Build | Archery Range |
| 17:09 | Build | Archery Range |
| 17:12 | Build | Archery Range |
| 17:17 | Queue | Archer |
| 17:17 | Queue | Archer |
| 17:17 | Queue | Archer |
| 17:19 | Research | Fletching |
| 17:34 | Build | Lumber Camp |
| 17:53 | Queue | Archer |
| 17:53 | Queue | Archer |
| 18:01 | Build | Archery Range |
| 18:06 | Research | Padded Archer Armor |
| 18:24 | Queue | Villager (Male) |
| 18:25 | Queue | Archer |
| 18:36 | Queue | Archer |
| 18:36 | Queue | Archer |
| 18:36 | Queue | Archer |
| 18:42 | Queue | Archer |
| 18:42 | Queue | Archer |
| 18:42 | Queue | Archer |
| 19:12 | Queue | Archer |
| 19:12 | Queue | Archer |
| 19:40 | Age | Castle Age |
| 19:46 | Research | Bodkin Arrow |
| 19:47 | Research | Crossbowman (upgrade) |
| 19:48 | Research | Bow Saw |
| 19:53 | Build | University |
| 19:57 | Build | Town Center |
| 20:15 | Queue | Archer |
| 20:15 | Queue | Archer |
| 20:17 | Queue | Archer |
| 20:17 | Queue | Villager (Male) |
| 20:19 | Queue | Villager (Male) |
| 20:30 | Build | Town Center |
| 20:45 | Queue | Archer |
| 20:46 | Queue | Archer |
| 20:46 | Queue | Archer |
| 20:46 | Queue | Villager (Male) |
| 20:59 | Build | Gate |
| 21:13 | Research | Chemistry |
| 21:21 | Build | Market |
| 21:23 | Build | House |
Build order — ELEOS | Xarkey
First 150 of 485 actions detected
| 0:00 | Queue | Villager (Male) ×4 |
| 0:02 | Build | House |
| 0:02 | Build | House |
| 0:07 | Build | House |
| 1:20 | Build | Lumber Camp |
| 1:27 | Queue | Villager (Male) |
| 1:39 | Build | Lumber Camp |
| 1:48 | Queue | Villager (Male) |
| 2:28 | Queue | Villager (Male) |
| 2:55 | Queue | Villager (Male) |
| 2:55 | Queue | Villager (Male) |
| 3:20 | Queue | Villager (Male) |
| 3:46 | Queue | Villager (Male) |
| 4:05 | Build | House |
| 4:08 | Queue | Villager (Male) |
| 4:09 | Queue | Villager (Male) |
| 4:26 | Build | Dock |
| 4:30 | Build | Palisade Wall |
| 4:31 | Build | Palisade Wall |
| 4:38 | Queue | Villager (Male) |
| 4:38 | Queue | Villager (Male) |
| 5:03 | Queue | Villager (Male) |
| 5:03 | Queue | Villager (Male) |
| 5:16 | Build | House |
| 5:17 | Queue | Fishing Ship |
| 5:27 | Queue | Villager (Male) |
| 5:42 | Build | Palisade Wall |
| 5:47 | Queue | Villager (Male) |
| 5:47 | Queue | Villager (Male) |
| 5:54 | Queue | Fishing Ship |
| 6:12 | Queue | Villager (Male) |
| 6:25 | Queue | Fishing Ship |
| 6:33 | Queue | Villager (Male) |
| 6:47 | Build | House |
| 7:04 | Queue | Villager (Male) |
| 7:10 | Queue | Fishing Ship |
| 7:21 | Build | House |
| 7:35 | Queue | Villager (Male) |
| 7:48 | Queue | Fishing Ship |
| 8:05 | Research | Feudal Age |
| 8:05 | Research | Feudal Age |
| 8:25 | Queue | Fishing Ship |
| 8:41 | Queue | Villager (Male) |
| 9:14 | Build | Barracks |
| 9:37 | Queue | Fishing Ship |
| 10:15 | Age | Feudal Age |
| 10:16 | Build | Stable |
| 10:26 | Research | Double-Bit Axe |
| 10:27 | Queue | Villager (Male) |
| 10:33 | Research | Loom |
| 10:33 | Queue | Villager (Male) |
| 10:46 | Queue | Villager (Male) |
| 10:48 | Build | House |
| 10:51 | Research | Tech 906 |
| 10:51 | Research | Tech 906 |
| 10:55 | Queue | Villager (Male) |
| 10:56 | Queue | Scout Cavalry |
| 10:56 | Queue | Scout Cavalry |
| 11:10 | Queue | Villager (Male) |
| 11:13 | Build | Mill |
| 11:19 | Build | House |
| 11:20 | Build | Palisade Wall |
| 11:35 | Queue | Scout Cavalry |
| 11:52 | Build | Blacksmith |
| 11:53 | Build | House |
| 11:55 | Queue | Scout Cavalry |
| 11:59 | Queue | Fishing Ship |
| 12:01 | Queue | Villager (Male) |
| 12:20 | Queue | Scout Cavalry |
| 12:21 | Build | Palisade Wall |
| 12:24 | Queue | Fishing Ship |
| 12:38 | Queue | Villager (Male) |
| 12:45 | Build | Palisade Wall |
| 12:56 | Build | Dock |
| 12:57 | Queue | Villager (Male) |
| 12:59 | Queue | Fishing Ship |
| 13:12 | Research | Forging |
| 13:25 | Queue | Villager (Male) |
| 13:27 | Queue | Scout Cavalry |
| 13:29 | Queue | Fishing Ship |
| 13:31 | Build | House |
| 13:46 | Queue | Scout Cavalry |
| 13:47 | Queue | Villager (Male) |
| 13:50 | Build | Farm |
| 13:50 | Build | Farm |
| 13:51 | Build | Farm |
| 13:52 | Build | Farm |
| 14:00 | Build | Stable |
| 14:17 | Queue | Villager (Male) |
| 14:27 | Queue | Fishing Ship |
| 14:27 | Queue | Fishing Ship |
| 14:29 | Queue | Scout Cavalry |
| 14:31 | Build | Farm |
| 14:44 | Build | House |
| 14:48 | Queue | Scout Cavalry |
| 14:53 | Queue | Villager (Male) |
| 14:56 | Build | Blacksmith |
| 14:59 | Build | Mining Camp |
| 15:09 | Build | Farm |
| 15:17 | Build | Palisade Gate |
| 15:27 | Queue | Scout Cavalry |
| 15:29 | Queue | Villager (Male) |
| 15:30 | Queue | Fishing Ship |
| 15:31 | Queue | Fishing Ship |
| 15:40 | Build | House |
| 15:42 | Queue | Scout Cavalry |
| 15:45 | Queue | Villager (Male) |
| 16:00 | Queue | Scout Cavalry |
| 16:04 | Build | House |
| 16:31 | Build | House |
| 16:32 | Build | Palisade Wall |
| 16:33 | Build | Palisade Wall |
| 16:35 | Build | Palisade Wall |
| 16:36 | Build | House |
| 16:37 | Build | Palisade Wall |
| 16:43 | Queue | Scout Cavalry |
| 16:43 | Queue | Scout Cavalry |
| 16:44 | Queue | Villager (Male) |
| 16:44 | Queue | Villager (Male) |
| 16:48 | Queue | Fishing Ship |
| 16:48 | Queue | Fishing Ship |
| 16:49 | Build | Palisade Wall |
| 16:50 | Build | Palisade Wall |
| 17:04 | Queue | Fishing Ship |
| 17:04 | Queue | Fishing Ship |
| 17:05 | Build | House |
| 17:07 | Queue | Villager (Male) |
| 17:08 | Build | Farm |
| 17:09 | Build | Farm |
| 17:09 | Build | Farm |
| 17:19 | Research | Bloodlines |
| 17:22 | Build | Palisade Wall |
| 17:23 | Build | Palisade Wall |
| 17:23 | Build | Palisade Wall |
| 17:36 | Research | Scale Barding Armor |
| 17:50 | Build | House |
| 17:56 | Queue | Villager (Male) |
| 18:02 | Build | House |
| 18:07 | Queue | Scout Cavalry |
| 18:08 | Queue | Scout Cavalry |
| 18:13 | Queue | Villager (Male) |
| 18:15 | Build | Farm |
| 18:15 | Build | Farm |
| 18:19 | Queue | Scout Cavalry |
| 18:33 | Queue | Scout Cavalry |
| 18:33 | Queue | Scout Cavalry |
| 18:41 | Build | Farm |
| 18:43 | Build | Farm |
| 18:44 | Build | Farm |
| 18:47 | Queue | Scout Cavalry |
Match timeline
| 4:19 | ELEOS | ElNoniro · first_building Dock |
| 4:21 | ELEOS | ElNoniro · wall_segment Palisade Wall x1 |
| 4:22 | RoR | Benanji · first_building Dock |
| 4:24 | RoR | Benanji · wall_segment Palisade Wall x1 |
| 4:25 | RoR | Benanji · wall_segment Palisade Wall x1 |
| 4:26 | ELEOS | Xarkey · first_building Dock |
| 4:27 | ELEOS | Danielsiii · first_building Dock |
| 4:27 | ELEOS | ElNoniro · wall_segment Palisade Wall x1 |
| 4:29 | ELEOS | ElNoniro · wall_segment Palisade Wall x1 |
| 4:30 | ELEOS | Xarkey · wall_segment Palisade Wall x1 |
| 4:30 | ELEOS | ElNoniro · wall_segment Palisade Wall x1 |
| 4:31 | ELEOS | Xarkey · wall_segment Palisade Wall x1 |
| 4:38 | RoR | Kamigawa · first_building Dock |
| 4:39 | RoR | Kamigawa · wall_segment Palisade Wall x1 |
| 4:41 | RoR | Kamigawa · wall_segment Palisade Wall x1 |
| 5:18 | RoR | Vodka_L_ · first_building Dock |
| 5:30 | ELEOS | ElNoniro · wall_segment Palisade Wall x1 |
| 5:30 | ELEOS | Danielsiii · wall_segment Palisade Wall x1 |
| 5:31 | ELEOS | ElNoniro · wall_segment Palisade Wall x1 |
| 5:32 | ELEOS | Danielsiii · wall_segment Palisade Wall x1 |
| 5:34 | ELEOS | Danielsiii · wall_segment Palisade Wall x1 |
| 5:42 | ELEOS | Xarkey · wall_segment Palisade Wall x1 |
| 8:40 | ELEOS | Danielsiii · wall_segment Palisade Wall x2 |
| 8:41 | ELEOS | Danielsiii · wall_segment Palisade Wall x2 |
| 8:47 | RoR | Benanji · first_building Barracks |
| 8:55 | RoR | Kamigawa · first_building Barracks |
| 9:00 | ELEOS | Danielsiii · wall_segment Palisade Wall x4 |
| 9:02 | ELEOS | Danielsiii · wall_segment Palisade Wall x4 |
| 9:05 | ELEOS | Danielsiii · wall_segment Palisade Wall x3 |
| 9:10 | ELEOS | Danielsiii · wall_segment Palisade Wall x7 |
| 9:14 | ELEOS | ElNoniro · first_building Barracks |
| 9:14 | ELEOS | Xarkey · first_building Barracks |
| 9:22 | ELEOS | Danielsiii · wall_segment Palisade Wall x1 |
| 9:40 | RoR | Kamigawa · age_up feudal |
| 9:46 | RoR | Vodka_L_ · age_up feudal |
| 9:48 | RoR | Kamigawa · first_building Stable |
| 9:49 | ELEOS | ElNoniro · wall_segment Palisade Wall x1 |
| 9:50 | ELEOS | ElNoniro · wall_segment Palisade Wall x1 |
| 9:51 | RoR | Vodka_L_ · wall_segment Stone Wall x16 |
| 9:53 | RoR | Vodka_L_ · wall_segment Stone Wall x6 |
| 10:00 | RoR | Vodka_L_ · wall_segment Stone Wall x18 |
| 10:08 | RoR | Benanji · age_up feudal |
| 10:09 | RoR | Benanji · wall_segment Stone Wall x12 |
| 10:11 | ELEOS | ElNoniro · age_up feudal |
| 10:13 | RoR | Benanji · wall_segment Stone Wall x10 |
| 10:15 | ELEOS | Xarkey · age_up feudal |
| 10:16 | ELEOS | Xarkey · first_building Stable |
| 10:17 | RoR | Benanji · wall_segment Palisade Wall x1 |
| 10:19 | ELEOS | Danielsiii · age_up feudal |
| 10:22 | ELEOS | Danielsiii · wall_segment Stone Wall x1 |
| 10:23 | ELEOS | Danielsiii · wall_segment Stone Wall x1 |
| 10:25 | ELEOS | Danielsiii · wall_segment Stone Wall x3 |
| 10:25 | ELEOS | Danielsiii · wall_segment Stone Wall x1 |
| 10:26 | ELEOS | Danielsiii · wall_segment Stone Wall x1 |
| 10:29 | ELEOS | Danielsiii · wall_segment Stone Wall x4 |
| 10:39 | RoR | Benanji · first_building Archery Range |
| 10:39 | RoR | Kamigawa · wall_segment Stone Wall x9 |
| 10:41 | ELEOS | Danielsiii · wall_segment Stone Wall x1 |
| 10:43 | ELEOS | Danielsiii · wall_segment Stone Wall x5 |
| 10:49 | ELEOS | Danielsiii · wall_segment Stone Wall x3 |
| 10:58 | RoR | Benanji · wall_segment Stone Wall x11 |
| 11:20 | RoR | Benanji · wall_segment Palisade Wall x1 |
| 11:20 | RoR | Benanji · wall_segment Palisade Wall x1 |
| 11:20 | ELEOS | Xarkey · wall_segment Palisade Wall x1 |
| 11:23 | RoR | Benanji · wall_segment Palisade Wall x1 |
| 11:25 | RoR | Benanji · wall_segment Palisade Wall x1 |
| 11:25 | ELEOS | Danielsiii · first_building Barracks |
| 11:27 | RoR | Benanji · wall_segment Palisade Wall x1 |
| 11:28 | RoR | Benanji · wall_segment Palisade Wall x1 |
| 11:35 | RoR | Vodka_L_ · wall_segment Stone Wall x11 |
| 11:47 | RoR | Vodka_L_ · wall_segment Stone Wall x6 |
| 11:48 | ELEOS | ElNoniro · first_building Archery Range |
| 11:58 | RoR | Vodka_L_ · first_building Barracks |
| 12:19 | RoR | Vodka_L_ · wall_segment Stone Wall x2 |
| 12:21 | ELEOS | Xarkey · wall_segment Palisade Wall x1 |
| 12:35 | ELEOS | ElNoniro · wall_segment Palisade Wall x1 |
| 12:35 | ELEOS | ElNoniro · wall_segment Palisade Wall x1 |
| 12:42 | ELEOS | Danielsiii · wall_segment Stone Wall x18 |
| 12:45 | ELEOS | ElNoniro · wall_segment Palisade Wall x1 |
| 12:45 | ELEOS | Xarkey · wall_segment Palisade Wall x5 |
| 12:59 | ELEOS | ElNoniro · wall_segment Palisade Wall x1 |
| 13:00 | ELEOS | ElNoniro · wall_segment Palisade Wall x1 |
| 13:02 | RoR | Vodka_L_ · first_building Archery Range |
| 14:22 | RoR | Vodka_L_ · wall_segment Stone Wall x1 |
| 14:23 | ELEOS | Danielsiii · wall_segment Stone Wall x1 |
| 14:34 | ELEOS | Danielsiii · first_building Archery Range |
| 15:15 | ELEOS | ElNoniro · wall_segment Stone Wall x6 |
| 15:19 | ELEOS | ElNoniro · wall_segment Stone Wall x5 |
| 15:36 | RoR | Vodka_L_ · wall_segment Stone Wall x1 |
| 16:32 | ELEOS | Xarkey · wall_segment Palisade Wall x1 |
| 16:33 | ELEOS | Xarkey · wall_segment Palisade Wall x1 |
| 16:35 | ELEOS | Xarkey · wall_segment Palisade Wall x1 |
| 16:37 | ELEOS | Xarkey · wall_segment Palisade Wall x1 |
| 16:49 | ELEOS | Xarkey · wall_segment Palisade Wall x1 |
| 16:50 | ELEOS | Xarkey · wall_segment Palisade Wall x1 |
| 17:22 | ELEOS | Xarkey · wall_segment Palisade Wall x1 |
| 17:23 | ELEOS | Xarkey · wall_segment Palisade Wall x1 |
| 17:23 | ELEOS | Xarkey · wall_segment Palisade Wall x1 |
| 17:56 | ELEOS | ElNoniro · wall_segment Stone Wall x5 |
| 17:58 | ELEOS | ElNoniro · wall_segment Stone Wall x4 |
| 19:04 | ELEOS | Xarkey · wall_segment Palisade Wall x6 |
| 19:18 | ELEOS | ElNoniro · wall_segment Palisade Wall x1 |
| 19:23 | RoR | Vodka_L_ · wall_segment Stone Wall x1 |
| 19:40 | ELEOS | Danielsiii · age_up castle |
| 20:28 | RoR | Kamigawa · age_up castle |
| 20:38 | ELEOS | Xarkey · wall_segment Stone Wall x6 |
| 20:43 | ELEOS | ElNoniro · age_up castle |
| 20:43 | RoR | Vodka_L_ · age_up castle |
| 21:56 | RoR | Benanji · first_market_buy 100 food |
| 22:33 | RoR | Benanji · first_market_sell 100 wood |
| 23:01 | ELEOS | Danielsiii · wall_segment Stone Wall x11 |
| 23:03 | ELEOS | Danielsiii · wall_segment Stone Wall x4 |
| 23:05 | ELEOS | Danielsiii · wall_segment Stone Wall x3 |
| 23:26 | ELEOS | Danielsiii · first_market_sell 100 food |
| 23:35 | ELEOS | ElNoniro · first_market_sell 100 food |
| 23:45 | ELEOS | ElNoniro · first_market_buy 100 stone |
| 23:48 | ELEOS | Xarkey · age_up castle |
| 24:47 | RoR | Benanji · age_up castle |
| 26:19 | RoR | Vodka_L_ · first_building Castle |
| 26:28 | ELEOS | Danielsiii · first_building Castle |
| 27:31 | ELEOS | Danielsiii · first_market_buy 100 stone |
| 27:31 | ELEOS | ElNoniro · first_building Monastery |
| 29:19 | RoR | Benanji · first_building Castle |
| 29:21 | ELEOS | Danielsiii · first_building Siege Workshop |
| 30:30 | RoR | Kamigawa · first_building Monastery |
| 30:32 | RoR | Vodka_L_ · age_up imperial |
| 30:36 | ELEOS | Danielsiii · age_up imperial |
| 31:11 | RoR | Kamigawa · first_building Castle |
| 31:24 | ELEOS | ElNoniro · age_up imperial |
| 31:52 | ELEOS | ElNoniro · first_building Castle |
| 32:18 | RoR | Kamigawa · first_market_sell 500 wood |
| 35:40 | RoR | Kamigawa · age_up imperial |
| 36:07 | RoR | Benanji · age_up imperial |
| 36:20 | RoR | Vodka_L_ · first_market_buy 500 stone |
| 36:50 | RoR | Kamigawa · first_market_buy 100 food |
| 37:00 | RoR | Kamigawa · tribute_sent a jugador 1 |
| 37:00 | RoR | Kamigawa · tribute_sent a jugador 2 |
| 37:00 | RoR | Kamigawa · tribute_sent a jugador 3 |
| 37:00 | RoR | Kamigawa · tribute_sent a jugador 5 |
| 37:00 | RoR | Kamigawa · tribute_sent a jugador 6 |
| 37:11 | ELEOS | Xarkey · first_building Monastery |
| 41:04 | ELEOS | ElNoniro · wall_segment Stone Wall x1 |
| 41:08 | ELEOS | ElNoniro · wall_segment Stone Wall x1 |
| 41:52 | RoR | Benanji · tribute_sent a jugador 1 |
| 41:52 | RoR | Benanji · tribute_sent a jugador 3 |
| 41:52 | RoR | Benanji · tribute_sent a jugador 4 |
| 41:52 | RoR | Benanji · tribute_sent a jugador 5 |
| 41:52 | RoR | Benanji · tribute_sent a jugador 6 |
| 42:04 | ELEOS | Danielsiii · wall_segment Stone Wall x1 |
| 42:09 | ELEOS | Xarkey · age_up imperial |
| 42:27 | ELEOS | Danielsiii · resign |
[ AI ANALYSIS · 1 CREDIT ]
What really happened in this match?
Wolo.gg analyzes every decision: build order, eco, micro, common mistakes by bracket. Personalized analysis on WhatsApp or Discord in 30 seconds.
Civ guide
Ethiopians
Perfil
Jugador #2924270